 Dungeon Sprint DCSS version 0.21.1-1-g345015f (webtiles) character file.

1983 Fang the Fighter (level 9, 0/94 HPs)
             Began as a Minotaur Berserker on May 16, 2018.
             Was the Champion of Trog.
             Slain by a dire flail of protection (22 damage)
             ... in the Dungeon (Sprint V: "Ziggurat Sprint").
             The game lasted 00:01:56 (802 turns).

Fang the Fighter (Minotaur Berserker)                Turns: 802, Time: 00:01:56

Health: 0/94       AC: 19    Str: 33    XL:     9   Next: 1%
Magic:  0/2        EV: 12    Int:  1    God:    Trog [******]
Gold:   0          SH:  0    Dex:  8    Spells: 8/8 levels left

rFire    . . .     SeeInvis .   k - +6 hand axe "Quygededd" {antimagic, rPois Str+2 Stlth+}
rCold    . . .     Gourm    .   (no shield)
rNeg     . . .     Faith    .   j - +5 shadow dragon scales
rPois    +         Spirit   +   (helmet restricted)
rElec    .         Reflect  .   (no cloak)
rCorr    .         Harm     .   (no gloves)
MR       +++..     NoTele   +   (no boots)
Stlth    ++++......             l - amulet "Laratak" {Spirit rPois MR+++ Int-3 Dex-2}
HPRegen  0.25/turn              G - ring of flight
MPRegen  0.08/turn              F - +6 ring of strength

@: berserk cooldown, slowed, very slow
A: retaliatory headbutt, horns 2
a: Berserk, Trog's Hand, Brothers in Arms, Burn Spellbooks, Renounce Religion,
Evoke Flight


You were in the Dungeon.
You worshipped Trog.
Trog was exalted by your worship.
You were hungry.

You visited 1 branch

Inventory:

Hand Weapons
 k - the +6 hand axe "Quygededd" (weapon) {antimagic, rPois Str+2 Stlth+}
   (Trog gifted it to you in the Dungeon)

   It reduces the magical energy of the wielder, and disrupts the spells and
   magical abilities of those hit.
   Natural abilities and divine invocations are not affected.
   It affects your strength (+2).
   It protects you from poison.
   It makes you more stealthy.
Missiles
 b - 2 javelins of penetration (quivered)
Armour
 j - +5 shadow dragon scales (worn)
Jewellery
 l - the amulet "Laratak" (around neck) {Spirit rPois MR+++ Int-3 Dex-2}
   (You found it in the Dungeon)

   [amulet of guardian spirit]

   It causes incoming damage to be split between your health and magic.
   It affects your intelligence (-3).
   It affects your dexterity (-2).
   It protects you from poison.
   It affects your resistance to hostile enchantments.
 F - a +6 ring of strength (right hand)
 G - a ring of flight (left hand)
Wands
 x - a wand of disintegration (7)
 y - a wand of iceblast (7)
 z - a wand of acid (7)
Scrolls
 a - 4 scrolls of enchant weapon
 i - 4 scrolls of blinking
 m - 7 scrolls of fog
 n - a scroll of holy word
 o - 5 scrolls of identify
 p - 5 scrolls of remove curse
 q - 2 scrolls of fear
 A - 4 scrolls of enchant armour
Potions
 d - 10 potions of curing
 e - 10 potions of heal wounds
 f - 10 potions of haste
 g - 7 potions of magic
 h - 3 potions of berserk rage
 r - 2 potions of brilliance
 s - 2 potions of invisibility
 t - 4 potions of resistance
 u - a potion of experience
 v - 5 potions of agility
 w - 5 potions of might
Miscellaneous
 B - a phial of floods
Comestibles
 c - 7 rations
 C - a chunk of flesh


   Skills:
 + Level 13.7 Fighting
 + Level 13.3(13.7) Axes
   Level 5.2(10.3) Polearms
 + Level 10.9 Armour
 + Level 8.1 Dodging
 + Level 1.7 Stealth


You had 8 spell levels left.
You didn't know any spells.

Dungeon Overview and Level Annotations

Branches:
Dungeon (1/1)

Altars:
Ashenzari
Cheibriados
Dithmenos
Elyvilon
Fedhas
Gozag
Hepliaklqana
Kikubaaqudgha
Makhleb
Nemelex Xobeh
Okawaru
Qazlal
Ru
Sif Muna
Trog
Uskayaw
Vehumet
Wu Jian
Xom
Yredelemnul
Zin
The Shining One
Beogh
Jiyva
Lugonu

Annotations:
D 1 transporter


Innate Abilities, Weirdness & Mutations

You reflexively headbutt those who attack you in melee.
You have a pair of horns on your head.


Message History

The deep elf knight shoots an arrow.
The arrow hits you but does no damage.
You completely miss the dire flail of protection.
The dire flail of protection is heavily damaged.
The dire flail of protection hits you but does no damage.
The deep elf knight shoots an arrow.
The arrow hits you but does no damage.
Unknown command.
You barely miss the dire flail of protection.
Your headbutt misses the dire flail of protection.
The dire flail of protection is heavily damaged.
The dire flail of protection hits you.
* * * LOW HITPOINT WARNING * * *
The deep elf mage falters for a moment.
Unknown command.
You closely miss the dire flail of protection.
Your headbutt misses the dire flail of protection.
The dire flail of protection is heavily damaged.
The dire flail of protection hits you but does no damage.
The deep elf knight shoots an arrow.
The arrow barely misses you. The dire flail of protection hits you!!
You die...

▓▓▓▓▓▓▓▓▓▓▓▓▓▓▓▓▓▓▓
▓..8©8..▓ ▓..}:)..▓
▓..|[[..▓ ▓.......▓
▓.......▓ ▓.......▓
▓..e)(..▓ ▓.▓e.@▓.▓
▓...©.)(▓ ▓▓▓▓▓▓▓▓▓


You could see a deep elf knight, a deep elf mage and a dire flail of protection.

Vanquished Creatures
  A deep elf knight (D)
  A deep elf archer (D)
  A deep elf mage (D)
  A naga (D)
  A porcupine (D)
  A wolf (D)
  A quasit (D)
  An iron imp (D)
  2 orc wizards (D)
  3 iguanas (D)
  3 river rats (D)
  A shadow imp (D)
  A white imp (D)
  A jackal (D)
  2 ball pythons (D)
21 creatures vanquished.

Notes
Turn   | Place    | Note
-------+----------+-------------------------------------------
     0 | D        | Found the +6 Majin-Bo {vamp, Archmagi MP+6 Int+6}
     0 | D        | Found the +7 great mace "Firestarter" {inner flame, rF++}
     0 | D        | Fang the Minotaur Berserker began the quest for the Orb.
     0 | D        | Reached XP level 1. HP: 19/19 MP: 0/0
     3 | D        | Found a blossoming altar of Fedhas.
     4 | D        | Found a viscous altar of Jiyva.
     4 | D        | Found a hazy altar of Hepliaklqana.
     4 | D        | Found a transporter.
     4 | D        | Found an opulent altar of Gozag.
     4 | D        | Found an ancient bone altar of Kikubaaqudgha.
     4 | D        | Found a corrupted altar of Lugonu.
    10 | D        | Found a burning altar of Makhleb.
    11 | D        | Found a stormy altar of Qazlal.
    11 | D        | Found a sacrificial altar of Ru.
    11 | D        | Found an iron altar of Okawaru.
    11 | D        | Found a deep blue altar of Sif Muna.
    11 | D        | Found a sparkling altar of Nemelex Xobeh.
    11 | D        | Found a bloodstained altar of Trog.
    73 | D        | Entered arena 2.
    73 | D        | Noticed an orc wizard
    73 | D        | Noticed an orc wizard
    73 | D        | Found a transporter.
    79 | D        | Killed an orc wizard
    79 | D        | Reached skill level 5 in Fighting
    79 | D        | Reached skill level 5 in Axes
    79 | D        | Reached XP level 2. HP: 30/30 MP: 1/1
    82 | D        | Reached ** piety under Trog
    82 | D        | Reached XP level 3. HP: 38/38 MP: 2/2
   207 | D        | Entered arena 3.
   207 | D        | Noticed a naga
   207 | D        | Found a transporter.
   213 | D        | Killed a naga
   213 | D        | Reached *** piety under Trog
   213 | D        | Reached skill level 5 in Armour
   213 | D        | Reached XP level 4. HP: 49/49 MP: 3/3
   213 | D        | Reached XP level 5. HP: 56/56 MP: 4/4
   351 | D        | Entered arena 4.
   351 | D        | Found a transporter.
   361 | D        | Reached **** piety under Trog
   487 | D        | Reached ***** piety under Trog
   487 | D        | Received a gift from Trog
   601 | D        | Entered arena 5.
   601 | D        | Noticed a porcupine
   601 | D        | Found a transporter.
   604 | D        | Reached XP level 6. HP: 64/64 MP: 5/5
   607 | D        | Killed a porcupine
   607 | D        | Reached skill level 10 in Fighting
   607 | D        | Reached skill level 10 in Axes
   607 | D        | Reached skill level 5 in Polearms
   607 | D        | Reached skill level 5 in Dodging
   616 | D        | Received a gift from Trog
   619 | D        | Got an encrusted hand axe {god gift}
   620 | D        | Identified the +6 hand axe "Quygededd" {antimagic, rPois Str+2 Stlth+} (Trog gifted it to you in the Dungeon)
   653 | D        | Entered arena 6.
   653 | D        | Found a transporter.
   668 | D        | Reached XP level 7. HP: 51/73 MP: 2/6
   674 | D        | Got the amulet "Laratak" {Spirit rPois MR+++ Int-3 Dex-2}
   779 | D        | Entered arena 7.
   779 | D        | Noticed a deep elf knight
   779 | D        | Noticed a deep elf knight
   779 | D        | Noticed a dire flail of protection
   779 | D        | Noticed a deep elf archer
   779 | D        | Noticed a deep elf mage
   779 | D        | Noticed a deep elf mage
   780 | D        | Found a transporter.
   784 | D        | Noticed a fire elemental
   787 | D        | Killed a deep elf mage
   787 | D        | Reached ****** piety under Trog
   787 | D        | Received a gift from Trog
   787 | D        | Reached skill level 1 in Stealth
   792 | D        | Killed a deep elf knight
   792 | D        | Reached XP level 8. HP: 69/86 MP: 1/7
   799 | D        | Killed a deep elf archer
   799 | D        | Reached skill level 10 in Armour
   799 | D        | Reached XP level 9. HP: 42/94 MP: 0/8
   802 | D        | Slain by a dire flail of protection

Skill      XL: |  1  2  3  4  5  6  7  8 |
---------------+-------------------------+-----
Fighting       | 5 6 8 9 10 13 | 13.7
Axes           | 5 6 8 9 10 12 13 | 13.3
Armour         | 3 5 7 9 10 | 10.9
Dodging        | 3 4 5 7 8 |  8.1
Polearms       | 2 3 5 |  5.2
Stealth        | 1 |  1.7

Action                   |  1- 3 |  4- 6 |  7- 9 || total
-------------------------+-------+-------+-------++-------
Melee: Demon trident     |    11 |    13 |       ||    24
       Headbutt          |     1 |     5 |     1 ||     7
       Hand axe          |       |    14 |    20 ||    34
Invok: Berserk           |     2 |     1 |     1 ||     4
       Burn Spellbooks   |       |     2 |       ||     2
  Eat: Chunk             |       |     1 |     1 ||     2
Armor: Shadow dragon sca |     1 |    11 |     9 ||    21
Dodge: Dodged            |     2 |     9 |     6 ||    17
